 Dungeon Crawl Stone Soup version 0.23-a0-655-g3751e1c (webtiles) character file.

217 robertstho the Charmwright (level 5, -5/43 HPs)
             Began as a Gnoll Skald on Jan 7, 2019.
             Killed by divine providence
             ... invoked by an orc priest
              (10 damage)
             ... on level 4 of the Dungeon.
             The game lasted 00:06:53 (3133 turns).

robertstho the Charmwright (Gnoll Skald)            Turns: 3133, Time: 00:06:55

Health: -5/43      AC:  7    Str: 14    XL:     5   Next: 94%
Magic:  6/12       EV: 20    Int: 19    God:
Gold:   239        SH:  0    Dex: 19    Spells: 3/14 levels left

rFire    + . .     SeeInvis .   a - +0 spear
rCold    + . .     Gourm    .   (no shield)
rNeg     . . .     Faith    .   b - +0 leather armour
rPois    +         Spirit   .   (no helmet)
rElec    +         Reflect  .   s - +2 cloak
rCorr    +         Harm     .   e - +0 pair of gloves
MR       .....                  (no boots)
Stlth    +++.......             (no amulet)
HPRegen  0.14/turn              r - +3 ring of intelligence
MPRegen  0.13/turn              (no ring)

@: agile, resistant, shrouded
A: distributed training, fangs 1, strong nose
a: no special abilities


You were on level 4 of the Dungeon.
You were not hungry.

You visited 1 branch of the dungeon, and saw 4 of its levels.

You collected 239 gold pieces.

Inventory:

Hand Weapons
 a - a +0 spear (weapon)
Armour
 b - a +0 leather armour (worn)
 e - a +0 pair of gloves (worn)
 s - a +2 cloak (worn)
Jewellery
 r - a +3 ring of intelligence (left hand)
 v - an uncursed ring of poison resistance {unknown}
Scrolls
 f - a scroll of amnesia {unknown}
 g - 2 scrolls of remove curse
 j - 2 scrolls of magic mapping {unknown}
 k - 2 scrolls of fog {unknown}
 l - a scroll of fear {unknown}
 m - a scroll of enchant weapon {unknown}
 n - a scroll of enchant armour {unknown}
 p - a scroll of teleportation {unknown}
 q - 2 scrolls of identify
 t - a scroll of blinking {unknown}
Potions
 h - a potion of brilliance {unknown}
 i - a potion of haste {unknown}
 o - a potion of flight {unknown}
Comestibles
 d - 3 rations
 x - 5 chunks of flesh


   Skills:
 + Level 4.8 Fighting
 + Level 1.6 Short Blades
 + Level 1.6 Long Blades
 + Level 1.6 Axes
 + Level 1.6 Maces & Flails
 + Level 4.8 Polearms
 + Level 1.6 Staves
 + Level 1.6 Slings
 + Level 1.6 Bows
 + Level 1.6 Crossbows
 + Level 1.6 Throwing
 + Level 3.1 Armour
 + Level 4.8 Dodging
 + Level 1.6 Stealth
 + Level 1.6 Shields
 + Level 1.6 Unarmed Combat
 + Level 5.2 Spellcasting
 + Level 1.3 Conjurations
 + Level 1.3 Hexes
 + Level 5.6 Charms
 + Level 1.3 Summonings
 + Level 1.3 Necromancy
 + Level 1.3 Translocations
 + Level 1.3 Transmutations
 + Level 1.3 Fire Magic
 + Level 1.3 Ice Magic
 + Level 1.3 Air Magic
 + Level 1.3 Earth Magic
 + Level 1.3 Poison Magic
 + Level 1.9 Invocations
 + Level 1.6 Evocations


You had 3 spell levels left.
You knew the following spells:

 Your Spells              Type           Power        Failure   Level  Hunger
a - Infusion              Chrm           ####         1%          1    None
b - Song of Slaying       Chrm           ####....     2%          2    None
c - Shroud of Golubria    Chrm/Tloc      ###.......   5%          2    None
d - Regeneration          Chrm/Necr      ###.......   11%         3    ##.....
e - Spectral Weapon       Hex/Chrm       ###.....     11%         3    ##.....

Your spell library contained the following spells:

 Spells                   Type           Power        Failure   Level  Hunger


Dungeon Overview and Level Annotations

Branches:
Dungeon (4/15)
 Temple: D:4-7

Altars:
Elyvilon
Fedhas
Yredelemnul

Annotations:
D:3 Sigmund


Innate Abilities, Weirdness & Mutations

Your experience applies equally to all skills.
You have very sharp teeth.
Your uncanny sense of smell can sniff out nearby items.


Message History

Confirm with . or Enter, or press ? or * to list all spells.
Space distorts slightly along a thin shroud covering your body.
A hound comes into view.
The orc priest closely misses your spectral weapon.
The orc wizard points at you and mumbles some strange words.
The puff of frost hits you! You resist.
* * * LOW HITPOINT WARNING * * *
The orc priest completely misses you.
Okay, then.
Evoke which item? (* to show all) (? for menu, Esc to quit)
Okay, then.
As you read the scroll labeled SYMYOC FOIFOE, it crumbles to dust.
It is a scroll of identify.
g - 2 scrolls of remove curse The orc hits you but does no damage.
The orc priest closely misses your spectral weapon.
The orc wizard completely misses you.
The orc priest invokes the aid of Beogh against you.
Beogh smites you!
You die...

..##.# ...#' ##
#o.....### ...
..... .o.>..... #
#o#o..###
#.###ooo....#
#...o@#####
####.(#...# #..o# ∆
#..#...#
#.#####.#####...
#...<...........#..
#######.#...###.#..
#....##### #..
#....# #.#


You could see 2 orc priests, an orc wizard, 6 orcs and a friendly spectral +0
spear.

Vanquished Creatures
  A hound (D:4)
  An orc wizard (D:3)
  Jessica (D:2)
  5 adders (D:3)
  An ooze (D:2)
  2 dart slugs
  3 leopard geckos
  4 orcs
  5 giant cockroaches
  5 goblins
  4 hobgoblins
  9 jackals
  A quokka (D:2)
  A ball python (D:1)
  2 bats
  2 frilled lizards
  13 kobolds
  9 rats
69 creatures vanquished.

Notes
Turn   | Place    | Note
-------+----------+-------------------------------------------
     0 | D:1      | robertstho the Gnoll Skald began the quest for the Orb.
     0 | D:1      | Reached XP level 1. HP: 20/20 MP: 6/6
   305 | D:1      | Reached XP level 2. HP: 26/26 MP: 7/7
  1065 | D:2      | Reached XP level 3. HP: 25/31 MP: 9/9
  1077 | D:2      | Reached skill level 5 in Spellcasting
  1112 | D:2      | Noticed Jessica
  1133 | D:2      | Killed Jessica
  1133 | D:2      | Reached skill level 1 in Short Blades
  1133 | D:2      | Reached skill level 1 in Long Blades
  1133 | D:2      | Reached skill level 1 in Axes
  1133 | D:2      | Reached skill level 1 in Maces & Flails
  1133 | D:2      | Reached skill level 1 in Staves
  1133 | D:2      | Reached skill level 1 in Slings
  1133 | D:2      | Reached skill level 1 in Bows
  1133 | D:2      | Reached skill level 1 in Crossbows
  1133 | D:2      | Reached skill level 1 in Throwing
  1133 | D:2      | Reached skill level 1 in Stealth
  1133 | D:2      | Reached skill level 1 in Shields
  1133 | D:2      | Reached skill level 1 in Unarmed Combat
  1133 | D:2      | Reached skill level 1 in Invocations
  1133 | D:2      | Reached skill level 1 in Evocations
  1182 | D:2      | Learned a level 2 spell: Song of Slaying
  1185 | D:2      | Learned a level 2 spell: Shroud of Golubria
  1189 | D:2      | Learned a level 3 spell: Regeneration
  1193 | D:2      | Learned a level 3 spell: Spectral Weapon
  1229 | D:2      | Reached XP level 4. HP: 38/38 MP: 11/11
  1244 | D:2      | Found a white marble altar of Elyvilon.
  1972 | D:3      | Reached skill level 1 in Conjurations
  1972 | D:3      | Reached skill level 1 in Hexes
  1972 | D:3      | Reached skill level 1 in Summonings
  1972 | D:3      | Reached skill level 1 in Necromancy
  1972 | D:3      | Reached skill level 1 in Translocations
  1972 | D:3      | Reached skill level 1 in Transmutations
  1972 | D:3      | Reached skill level 1 in Fire Magic
  1972 | D:3      | Reached skill level 1 in Ice Magic
  1972 | D:3      | Reached skill level 1 in Air Magic
  1972 | D:3      | Reached skill level 1 in Earth Magic
  1972 | D:3      | Reached skill level 1 in Poison Magic
  2013 | D:3      | Reached XP level 5. HP: 43/43 MP: 12/12
  2046 | D:3      | Found a blossoming altar of Fedhas.
  2048 | D:3      | Found a basalt altar of Yredelemnul.
  2403 | D:3      | Noticed Sigmund
  3126 | D:4      | HP: 2/43 [orc priest/divine providence (14)]
  3133 | D:4      | Killed from afar by an orc priest

Vault maps used:
D:1:      minmay_arrival_split_and_join, minmay_statues_item,
          minmay_misc_feat_more_columns
D:2:      elyvilon_altar_4, serial_bayou_ford_a, chequers_serial_rivers_micro_c,
          uniq_jessica
D:3:      gammafunk_temple_overflow_pools, serial_corexii_hall,
          chequers_hall_statues_y, corexii_hall_statues_s,
          chequers_hall_statues_y, corexii_hall_statues_i,
          corexii_hall_statues_deadend, corexii_hall_statues_u, uniq_sigmund
D:4:      temple_pool_b, minmay_distorted

Skill      XL: |  1  2  3  4  5 |
---------------+----------------+-----
Spellcasting   | 5 |  5.2
Short Blades   | 1 |  1.6
Long Blades    | 1 |  1.6
Axes           | 1 |  1.6
Maces & Flails | 1 |  1.6
Staves         | 1 |  1.6
Slings         | 1 |  1.6
Bows           | 1 |  1.6
Crossbows      | 1 |  1.6
Throwing       | 1 |  1.6
Stealth        | 1 |  1.6
Shields        | 1 |  1.6
Unarmed Combat | 1 |  1.6
Invocations    | 1 |  1.9
Evocations     | 1 |  1.6
Conjurations   | 1 |  1.3
Hexes          | 1 |  1.3
Summonings     | 1 |  1.3
Necromancy     | 1 |  1.3
Translocations | 1 |  1.3
Transmutations | 1 |  1.3
Fire Magic     | 1 |  1.3
Ice Magic      | 1 |  1.3
Air Magic      | 1 |  1.3
Earth Magic    | 1 |  1.3
Poison Magic   | 1 |  1.3
Armour         | 3 |  3.1
Fighting       | |  4.8
Polearms       | |  4.8
Dodging        | |  4.8
Charms         | |  5.6

Action                   |  1- 3 |  4- 6 || total
-------------------------+-------+-------++-------
Melee: Spear             |   110 |   180 ||   290
       Bite              |     9 |    14 ||    23
       Punch             |       |     1 ||     1
 Cast: Infusion          |     1 |     1 ||     2
       Shroud of Golubri |       |     5 ||     5
       Spectral Weapon   |       |     3 ||     3
  Use: Potion            |       |     5 ||     5
       Scroll            |       |     1 ||     1
 Stab: Sleeping          |       |     3 ||     3
       Distracted        |       |     1 ||     1
  Eat: Chunk             |     1 |     3 ||     4
       Ration            |       |     1 ||     1
Armor: Leather armour    |    16 |    40 ||    56
Dodge: Dodged            |    74 |   126 ||   200

Table legend:
 A = Non-vault XP
 B = Vault XP
 C = Vault XP percentage of total XP
 D = Non-vault monster count
 E = Vault monster count
 F = Vault count percentage of total count
                 A         B        C        D         E       F
            +---------+---------+-------+---------+---------+-------
      Total |     273 |      37 |  11.9 |      68 |       1 |   1.4
            +---------+---------+-------+---------+---------+-------
        D:1 |      32 |       0 |   0.0 |      19 |       0 |   0.0
        D:2 |      47 |      37 |  44.0 |      21 |       1 |   4.5
        D:3 |     140 |       0 |   0.0 |      23 |       0 |   0.0
        D:4 |      54 |       0 |   0.0 |       5 |       0 |   0.0
            +---------+---------+-------+---------+---------+-------
